General information
			
			
        
        - name: BNet
 
        - type: Ladder team game (AT/RT)
 
        - host: Battle.net
 
        - saver: HoneyBlunt
 
        
map: DragonFalls 
        - players: 8
 
        - length: 16:38
 
        - speed: Fast
 - version: 1.22 W3XP
 - replay type:  Public
 
» download(143 KB)
Players
        team 1 (winner) 
              
              
Hit_X-tasy (
pink | 57 APM | 952 actions | 16:34)
              
 4 Demon Hunter 
 2 Mana Burn
 2 Evasion
 
                » actions 
                
                | Assign group hotkey | 5 |  | 
| Basic commands | 154 |  | 
| Build / train | 27 |  | 
| Enter build submenu | 9 |  | 
| Enter hero's abilities submenu | 4 |  | 
| Right click | 387 |  | 
| Select / deselect | 77 |  | 
| Select group hotkey | 255 |  | 
| Use ability | 34 |  | 
                952 total
 » units 
                » buildings
                
                | Altar of Elders | 1 |  | 
| Moon Well | 2 |  | 
| Hunter's Hall | 2 |  | 
| Ancient Protector | 2 |  | 
| Tree of Life | 2 |  | 
                9 total
 » build order
                00:18 Altar of Elders
00:21 Moon Well
02:35 Hunter's Hall
02:38 Hunter's Hall
02:46 Moon Well
04:43 Ancient Protector
04:48 Ancient Protector
07:19 Tree of Life
14:55 Tree of Life
» items
                
                | Orb of Corruption | 1 |  | 
| Scroll of Town Portal | 1 |  | 
                2 total
  
               
              
              
HoneyBlunt (
yellow | 79 APM | 1309 actions | 16:38)
              
 4 Tauren Chieftain 
 2 War Stomp
 2 Endurance Aura
 2 Shadow Hunter 
 1 Hex
 1 Healing Wave
 
                » actions 
                
                | Assign group hotkey | 15 |  | 
| Basic commands | 49 |  | 
| Build / train | 58 |  | 
| ESC pressed | 2 |  | 
| Enter build submenu | 21 |  | 
| Enter hero's abilities submenu | 6 |  | 
| Give item / drop item | 2 |  | 
| Right click | 576 |  | 
| Select / deselect | 291 |  | 
| Select group hotkey | 212 |  | 
| Use ability | 77 |  | 
                1309 total
 » units 
                
                | Peon | 16 |  | 
| Grunt | 5 |  | 
| Tauren | 3 |  | 
| Troll Witch Doctor | 3 |  | 
                27 total
 » upgrades
                
                | Melee Weapons | 2 |  | 
| Armor | 1 |  | 
| Witch Doctor Training | 2 |  | 
| Reinforced Defenses | 1 |  | 
                6 total
 » buildings
                
                | Altar of Storms | 1 |  | 
| Orc Burrow | 4 |  | 
| Barracks | 1 |  | 
| War Mill | 2 |  | 
| Voodoo Lounge | 2 |  | 
| Watch Tower | 8 |  | 
| Stronghold | 2 |  | 
| Great Hall | 2 |  | 
| Fortress | 1 |  | 
| Spirit Lodge | 1 |  | 
| Tauren Totem | 2 |  | 
                26 total
 » build order
                00:29 Altar of Storms
00:35 Orc Burrow
00:50 Barracks
01:16 War Mill
01:49 Orc Burrow
02:18 Voodoo Lounge
03:10 Watch Tower
04:06 Stronghold
04:41 Orc Burrow
05:08 Watch Tower
05:34 Great Hall
06:33 Fortress
07:42 Spirit Lodge
09:20 Voodoo Lounge
10:41 Tauren Totem
10:53 Tauren Totem
12:37 Orc Burrow
12:46 Watch Tower
12:48 Watch Tower
14:47 Great Hall
14:55 War Mill
15:01 Watch Tower
15:03 Watch Tower
15:04 Watch Tower
15:06 Watch Tower
» items
                
                | Healing Salve | 3 |  | 
| Lesser Clarity Potion | 2 |  | 
| Boots of Speed | 1 |  | 
| Scroll of Town Portal | 2 |  | 
| Potion of Lesser Invulnerability | 1 |  | 
| Periapt of Vitality | 1 |  | 
| Orb of Lightning | 1 |  | 
| Potion of Healing | 1 |  | 
                12 total
  
               
              
              
RoCcoNaCHOviDaL (
purple | 119 APM | 1978 actions | 16:34)
              
 4 Death Knight 
 2 Death Coil
 2 Unholy Aura
 3 Lich 
 2 Frost Nova
 1 Dark Ritual
 
                » actions 
                
                | Assign group hotkey | 24 |  | 
| Basic commands | 241 |  | 
| Build / train | 84 |  | 
| Enter build submenu | 23 |  | 
| Enter hero's abilities submenu | 7 |  | 
| Give item / drop item | 3 |  | 
| Right click | 383 |  | 
| Select / deselect | 632 |  | 
| Select group hotkey | 492 |  | 
| Use ability | 89 |  | 
                1978 total
 » units 
                
                | Acolyte | 2 |  | 
| Ghoul | 3 |  | 
| Crypt Fiend | 10 |  | 
| Obsidian Statue | 2 |  | 
| Frost Wyrm | 17 |  | 
                34 total
 » upgrades
                
                | Creature Attack | 3 |  | 
| Creature Carapace | 3 |  | 
| Web | 1 |  | 
| Destroyer Form | 1 |  | 
| Freezing Breath | 1 |  | 
                9 total
 » buildings
                
                | Altar of Darkness | 1 |  | 
| Crypt | 1 |  | 
| Graveyard | 1 |  | 
| Ziggurat | 9 |  | 
| Tomb of Relics | 1 |  | 
| Halls of the Dead | 3 |  | 
| Nerubian Tower | 1 |  | 
| Black Citadel | 3 |  | 
| Slaughterhouse | 1 |  | 
| Sacrificial Pit | 1 |  | 
| Boneyard | 2 |  | 
                24 total
 » build order
                00:14 Altar of Darkness
00:18 Crypt
00:39 Graveyard
00:57 Ziggurat
01:20 Tomb of Relics
01:50 Halls of the Dead
01:50 Halls of the Dead
02:11 Ziggurat
03:04 Nerubian Tower
03:10 Ziggurat
04:11 Black Citadel
04:11 Black Citadel
04:24 Slaughterhouse
05:08 Ziggurat
06:07 Sacrificial Pit
06:56 Boneyard
06:58 Boneyard
07:11 Ziggurat
08:24 Ziggurat
10:15 Ziggurat
12:11 Ziggurat
13:30 Ziggurat
» items
                
                | Rod of Necromancy | 2 |  | 
| Sacrificial Skull | 1 |  | 
| Potion of Healing | 1 |  | 
| Dust of Appearance | 1 |  | 
| Scroll of Protection | 2 |  | 
| Scroll of Town Portal | 2 |  | 
| Orb of Corruption | 1 |  | 
| Scroll of Healing | 1 |  | 
| Scroll of Speed | 1 |  | 
                12 total
  
               
              
              
Sexy-MeatWagon (
green | 65 APM | 1072 actions | 16:34)
              
 4 Archmage 
 2 Summon Water Elemental
 2 Brilliance Aura
 3 Paladin 
 2 Holy Light
 1 Divine Shield
 
                » actions 
                
                | Assign group hotkey | 21 |  | 
| Basic commands | 45 |  | 
| Build / train | 52 |  | 
| Enter build submenu | 18 |  | 
| Enter hero's abilities submenu | 8 |  | 
| Give item / drop item | 1 |  | 
| Right click | 397 |  | 
| Select / deselect | 268 |  | 
| Select group hotkey | 221 |  | 
| Use ability | 41 |  | 
                1072 total
 » units 
                
                | Peasant | 8 |  | 
| Rifleman | 10 |  | 
| Mortar Team | 6 |  | 
                24 total
 » upgrades
                
                | Gunpowder | 3 |  | 
| Masonry | 2 |  | 
| Long Rifles | 1 |  | 
| Lumber Harvesting | 1 |  | 
| Armor | 2 |  | 
| Flare | 1 |  | 
| Fragmentation Shards | 1 |  | 
                11 total
 » buildings
                
                | Altar of Kings | 1 |  | 
| Farm | 10 |  | 
| Blacksmith | 1 |  | 
| Barracks | 1 |  | 
| Lumber Mill | 1 |  | 
| Arcane Vault | 1 |  | 
| Keep | 1 |  | 
| Scout Tower | 3 |  | 
| Guard Tower | 3 |  | 
| Workshop | 2 |  | 
| Castle | 1 |  | 
                25 total
 » build order
                00:06 Altar of Kings
00:08 Farm
00:18 Blacksmith
01:17 Barracks
01:33 Lumber Mill
01:41 Farm
02:32 Farm
03:58 Farm
04:03 Arcane Vault
04:37 Keep
04:59 Scout Tower
05:01 Scout Tower
05:05 Scout Tower
05:16 Farm
05:33 Guard Tower
05:43 Farm
06:10 Guard Tower
06:32 Guard Tower
06:47 Farm
07:10 Workshop
07:50 Workshop
09:56 Farm
09:57 Farm
10:35 Castle
12:40 Farm
» items
                
                | Lesser Clarity Potion | 1 |  | 
| Scroll of Regeneration | 1 |  | 
| Scroll of Town Portal | 1 |  | 
                3 total
  
               team 2 (loser) 
              
              
A_Luz (
teal | 61 APM | 1003 actions | 16:28)
              
 2 Mountain King 
 1 Storm Bolt
 1 Bash
 
                » actions 
                
                | Assign group hotkey | 22 |  | 
| Basic commands | 34 |  | 
| Build / train | 47 |  | 
| ESC pressed | 4 |  | 
| Enter build submenu | 19 |  | 
| Enter hero's abilities submenu | 2 |  | 
| Right click | 445 |  | 
| Select / deselect | 187 |  | 
| Select group hotkey | 208 |  | 
| Use ability | 35 |  | 
                1003 total
 » units 
                
                | Peasant | 15 |  | 
| Footman | 11 |  | 
| Dragonhawk Rider | 1 |  | 
                27 total
 » upgrades
                
                | Defend | 1 |  | 
| Lumber Harvesting | 1 |  | 
| Animal War Training | 1 |  | 
| Masonry | 1 |  | 
                4 total
 » buildings
                
                | Altar of Kings | 1 |  | 
| Farm | 5 |  | 
| Barracks | 1 |  | 
| Arcane Vault | 1 |  | 
| Keep | 1 |  | 
| Scout Tower | 1 |  | 
| Arcane Tower | 1 |  | 
| Lumber Mill | 1 |  | 
| Town Hall | 2 |  | 
| Castle | 1 |  | 
| Blacksmith | 2 |  | 
| Gryphon Aviary | 2 |  | 
                19 total
 » build order
                00:11 Altar of Kings
00:14 Farm
00:20 Barracks
00:47 Farm
01:37 Farm
02:25 Arcane Vault
03:38 Keep
03:42 Farm
04:32 Scout Tower
05:07 Farm
05:09 Arcane Tower
06:33 Lumber Mill
07:29 Town Hall
08:11 Castle
08:18 Blacksmith
08:23 Blacksmith
10:01 Gryphon Aviary
10:53 Gryphon Aviary
13:08 Town Hall
» items
                
                | Scroll of Regeneration | 1 |  | 
| Boots of Speed | 1 |  | 
| Lesser Clarity Potion | 1 |  | 
| Potion of Healing | 3 |  | 
| Potion of Mana | 2 |  | 
| Orb of Corruption | 1 |  | 
| Scroll of Town Portal | 1 |  | 
                10 total
  
               
              
              
MADONA_ROX (
orange | 77 APM | 1239 actions | 16:02)
              
 3 Goblin Tinker 
 2 Pocket Factory
 1 Engineering Upgrade
 
                » actions 
                
                | Assign group hotkey | 29 |  | 
| Basic commands | 29 |  | 
| Build / train | 73 |  | 
| Enter build submenu | 36 |  | 
| Enter hero's abilities submenu | 3 |  | 
| Remove unit from queue | 6 |  | 
| Right click | 382 |  | 
| Select / deselect | 268 |  | 
| Select group hotkey | 346 |  | 
| Use ability | 67 |  | 
                1239 total
 » units 
                
                | Peasant | 21 |  | 
| Footman | 7 |  | 
| Mortar Team | 1 |  | 
| Siege Engine | 3 |  | 
                32 total
 » upgrades
                
                | Defend | 1 |  | 
| Lumber Harvesting | 2 |  | 
| Plating | 1 |  | 
| Gunpowder | 1 |  | 
| Barrage | 1 |  | 
                6 total
 » buildings
                
                | Farm | 10 |  | 
| Barracks | 1 |  | 
| Altar of Kings | 1 |  | 
| Keep | 1 |  | 
| Arcane Vault | 2 |  | 
| Lumber Mill | 1 |  | 
| Scout Tower | 6 |  | 
| Town Hall | 1 |  | 
| Guard Tower | 8 |  | 
| Castle | 3 |  | 
| Blacksmith | 1 |  | 
| Workshop | 10 |  | 
                45 total
 » build order
                00:10 Farm
00:24 Barracks
00:51 Farm
00:59 Altar of Kings
02:03 Farm
02:52 Farm
03:25 Keep
03:55 Arcane Vault
03:59 Lumber Mill
04:16 Arcane Vault
05:08 Scout Tower
05:10 Scout Tower
05:12 Scout Tower
05:12 Scout Tower
05:19 Scout Tower
05:21 Scout Tower
05:55 Town Hall
06:00 Guard Tower
06:09 Guard Tower
06:29 Guard Tower
06:30 Guard Tower
06:45 Guard Tower
06:51 Guard Tower
06:51 Guard Tower
07:46 Castle
07:46 Castle
08:22 Blacksmith
09:47 Workshop
09:49 Workshop
09:51 Workshop
10:12 Workshop
11:00 Farm
11:00 Farm
11:02 Farm
11:22 Farm
11:23 Farm
14:31 Workshop
14:32 Workshop
14:32 Workshop
15:04 Workshop
15:06 Workshop
15:10 Workshop
» items
                
                | Scroll of Regeneration | 4 |  | 
| Boots of Speed | 2 |  | 
| Scroll of Town Portal | 1 |  | 
| Lesser Clarity Potion | 2 |  | 
| Potion of Healing | 1 |  | 
                10 total
  
               
              
              
WTF_OMG (
blue | 93 APM | 1515 actions | 16:12)
              
 4 Goblin Tinker 
 2 Pocket Factory
 2 Engineering Upgrade
 
                » actions 
                
                | Assign group hotkey | 28 |  | 
| Basic commands | 8 |  | 
| Build / train | 31 |  | 
| Enter build submenu | 15 |  | 
| Enter hero's abilities submenu | 4 |  | 
| Give item / drop item | 1 |  | 
| Right click | 741 |  | 
| Select / deselect | 208 |  | 
| Select group hotkey | 414 |  | 
| Use ability | 65 |  | 
                1515 total
 » units 
                
                | Acolyte | 3 |  | 
| Ghoul | 4 |  | 
| Crypt Fiend | 5 |  | 
| Frost Wyrm | 3 |  | 
                15 total
 » upgrades
                
                | Creature Attack | 1 |  | 
| Creature Carapace | 1 |  | 
| Freezing Breath | 1 |  | 
                3 total
 » buildings
                
                | Graveyard | 1 |  | 
| Crypt | 1 |  | 
| Altar of Darkness | 1 |  | 
| Ziggurat | 8 |  | 
| Tomb of Relics | 1 |  | 
| Halls of the Dead | 1 |  | 
| Black Citadel | 1 |  | 
| Sacrificial Pit | 1 |  | 
| Boneyard | 3 |  | 
                18 total
 » build order
                00:06 Graveyard
00:08 Crypt
00:41 Altar of Darkness
00:57 Ziggurat
01:25 Tomb of Relics
02:17 Ziggurat
03:52 Halls of the Dead
04:47 Ziggurat
06:19 Black Citadel
06:49 Sacrificial Pit
07:51 Ziggurat
07:52 Ziggurat
10:04 Boneyard
10:05 Boneyard
10:08 Boneyard
14:11 Ziggurat
14:12 Ziggurat
14:13 Ziggurat
» items
                
                | Rod of Necromancy | 1 |  | 
| Potion of Healing | 1 |  | 
| Scroll of Town Portal | 3 |  | 
| Lesser Clarity Potion | 1 |  | 
                6 total
  
               
              
              
XbBbX (
red | 39 APM | 638 actions | 16:33)
              
 2 Death Knight 
 1 Death Coil
 1 Death Pact
 
                » actions 
                
                | Assign group hotkey | 12 |  | 
| Basic commands | 22 |  | 
| Build / train | 31 |  | 
| Enter build submenu | 12 |  | 
| Enter hero's abilities submenu | 2 |  | 
| Right click | 274 |  | 
| Select / deselect | 115 |  | 
| Select group hotkey | 145 |  | 
| Use ability | 25 |  | 
                638 total
 » units 
                
                | Acolyte | 2 |  | 
| Ghoul | 3 |  | 
| Crypt Fiend | 7 |  | 
| Frost Wyrm | 3 |  | 
                15 total
 » upgrades
                
                | Creature Attack | 2 |  | 
| Web | 1 |  | 
| Burrow | 1 |  | 
| Creature Carapace | 2 |  | 
| Freezing Breath | 1 |  | 
                7 total
 » buildings
                
                | Altar of Darkness | 1 |  | 
| Crypt | 1 |  | 
| Ziggurat | 5 |  | 
| Graveyard | 1 |  | 
| Halls of the Dead | 1 |  | 
| Tomb of Relics | 1 |  | 
| Nerubian Tower | 1 |  | 
| Black Citadel | 1 |  | 
| Sacrificial Pit | 1 |  | 
| Boneyard | 2 |  | 
                15 total
 » build order
                00:07 Altar of Darkness
00:11 Crypt
00:16 Ziggurat
01:39 Graveyard
02:13 Ziggurat
02:48 Halls of the Dead
03:18 Ziggurat
04:12 Ziggurat
05:20 Tomb of Relics
05:32 Ziggurat
07:56 Nerubian Tower
08:34 Black Citadel
09:47 Sacrificial Pit
11:08 Boneyard
13:12 Boneyard
» items
                
                | Rod of Necromancy | 1 |  | 
| Potion of Healing | 1 |  | 
                2 total
  
                Chat log
          (00:06 / Allies) Hit_X-tasy: nice
(00:11 / Allies) Hit_X-tasy: feedding eric
(00:32 / Allies) RoCcoNaCHOviDaL: for  frost?
(02:12 / All) MADONA_ROX: BUCETA
(02:57 / All) Hit_X-tasy: techer
(03:04 / All) MADONA_ROX: FUI DA UM PEIDO E CHEGO A NAMORADA AQUI NA HORA
(03:11 / All) MADONA_ROX: E TAVA UM FEDOR HORRIVEL
(05:00 / Allies) Hit_X-tasy: zigs
(05:01 / Allies) Hit_X-tasy: upgraded
(05:04 / Allies) Hit_X-tasy: back fo base
(07:44 / All) Sexy-MeatWagon: DENIED
(09:48 / Allies) RoCcoNaCHOviDaL: gold plz
(10:44 / Allies) HoneyBlunt: wood?
(11:01 / Allies) RoCcoNaCHOviDaL: me  kill mk
(12:10 / All) WTF_OMG: lol
(12:11 / All) WTF_OMG: nice hack
(12:12 / All) WTF_OMG: hahaha
(12:13 / Allies) Hit_X-tasy: main
(12:19 / Allies) Hit_X-tasy: main
(12:42 / All) RoCcoNaCHOviDaL: ?_?
(12:44 / All) RoCcoNaCHOviDaL: tp
(12:59 / All) RoCcoNaCHOviDaL: zzzzzzzzz
(13:05 / All) RoCcoNaCHOviDaL: armor 3
(13:06 / All) WTF_OMG: nice hack noob
(13:13 / All) WTF_OMG: why u used dust?
(13:19 / All) WTF_OMG: answer me
(15:22 / Allies) Hit_X-tasy: ain
(15:22 / Allies) Hit_X-tasy: main
(15:28 / All) RoCcoNaCHOviDaL: tp
(15:48 / All) RoCcoNaCHOviDaL: wowwwww
(16:05 / All) RoCcoNaCHOviDaL: Çabuse
(16:06 / All) HoneyBlunt: gg noobs
(16:11 / All) WTF_OMG: hackers -,-
(16:17 / All) HoneyBlunt: }save replay
(16:25 / All) A_Luz: go tell ur mom u have wow, hack
(16:27 / All) A_Luz: yay u